 Dungeon Crawl Stone Soup version bcrawl-1.13 (webtiles) character file.

Game seed: 2406278823635152495

80 MisterOstroum the Magician (level 4, 25/25 HPs)
             Began as a Skeleton Fire Elementalist on July 29, 2019.
             Quit the game on level 2 of the Dungeon.
             The game lasted 00:17:43 (1980 turns).

MisterOstroum the Magician (SkFE)                   Turns: 1980, Time: 00:17:44

Health: 25/25      AC:  5    Str: 15    XL:     4   Next: 18%
Magic:  10/10      EV: 12    Int: 14    God:
Gold:   182        SH:  0    Dex:  9    Spells: 4/11 levels left

rFire    . . .     SeeInvis .   d - +0 hand axe
rCold    + . .     Gourm    .   (no shield)
rNeg     + + +     Faith    .   a - +0 robe
rPois    ∞         Spirit   +   (no helmet)
rElec    .         Reflect  .   e - +2 cloak
rCorr    .         Harm     .   (no gloves)
MR       .....                  (no boots)
Stlth    ++........             (no amulet)
HPRegen  0.08/turn              (no ring)
MPRegen  0.12/turn              (no ring)

@: no status effects
A: no food or potions, cold resistance 1, deterioration 1, negative energy
resistance 3, torment resistance, unbreathing, magic shield, sturdy frame 1,
spell healing
a: no special abilities


You were on level 2 of the Dungeon.
You were not hungry.

You visited 1 branch of the dungeon, and saw 2 of its levels.

You collected 182 gold pieces.

Inventory:

Hand Weapons
 b - a +0 short sword
 d - a +0 hand axe (weapon)
 h - a +0 flail
Missiles
 c - 805 stones (quivered)
Armour
 a - a +0 robe (worn)
 e - a +2 cloak (worn)
 i - a +0 chain mail
 k - a +0 leather armour
Wands
 j - a wand of random effects (4)
Scrolls
 f - a scroll of remove curse {unknown}
 g - 2 scrolls of enchant weapon {unknown}
 l - a scroll of identify {unknown}


   Skills:
 + Level 1.1 Fighting
 + Level 0.0 Armour
 - Level 2.0 Dodging
 - Level 2.4 Stealth
 - Level 4.0 Spellcasting
 * Level 3.2 Conjurations
 + Level 3.5 Fire Magic


You had 4 spell levels left.
You knew the following spells:

 Your Spells              Type           Power        Failure   Level  Hunger
a - Flame Tongue          Conj/Fire      ##...        4%          1    N/A
b - Conjure Flame         Conj/Fire      ##......     14%         3    N/A
c - Inner Flame           Hex/Fire       N/A          28%         3    N/A

Your spell library contained the following spells:

 Spells                   Type           Power        Failure   Level  Hunger
 Sticky Flame             Conj/Fire      ##......     43%         4    N/A
 Fireball                 Conj/Fire      ##........   80%         5    N/A

Dungeon Overview and Level Annotations

Branches:
Dungeon (2/12)

Altars:
Xom


Innate Abilities, Weirdness & Mutations

You do not eat or drink.
You are immune to poison.
Your flesh is cold resistant. (rC+)
Your body sometimes deteriorates upon taking damage.
You are immune to negative energy. (rN+++)
You are immune to unholy pain and torment.
You can survive without breathing.
When hurt, damage is shared between your health and your magic reserves.
Your movements are slightly less encumbered by armour. (ER -2)
Casting spells heals you.


Message History

Confirm with . or Enter, or press ? or * to list all spells.
Aiming: Flame Tongue (safe; 5% risk of failure)
Press: ? - help, Shift-Dir - straight line, f/p - Terence
Aim: Terence, wielding a +0 flail, wearing a +0 chain mail and carrying a wand of random effects (4) (almost dead)
The flame tongue hits Terence.
Terence appears unharmed.
Terence is almost dead.
Terence misses you.
The crimson imp shouts!
The crimson imp blinks!
Casting: Flame Tongue (safe; 5% risk of failure)
Confirm with . or Enter, or press ? or * to list all spells.
Aiming: Flame Tongue (safe; 5% risk of failure)
Press: ? - help, Shift-Dir - straight line, f/p - Terence
Aim: Terence, wielding a +0 flail, wearing a +0 chain mail and carrying a wand of random effects (4) (almost dead)
The flame tongue hits Terence.
Terence is almost dead.
Terence hits you with a +0 flail.
The crimson imp blinks!
The crimson imp blinks!
The crimson imp shouts!
You see here a ball python corpse.
Casting: Flame Tongue (safe; 5% risk of failure)
Confirm with . or Enter, or press ? or * to list all spells.
Aiming: Flame Tongue (safe; 5% risk of failure)
Press: ? - help, Shift-Dir - straight line, f/p - Terence
Aim: Terence, wielding a +0 flail, wearing a +0 chain mail and carrying a wand of random effects (4) (almost dead)
The flame tongue hits Terence.
Terence is almost dead.
Terence barely misses you.
You hit Terence but do no damage.
Terence is almost dead.
Terence closely misses you.
You hit Terence but do no damage.
Terence is almost dead.
Terence closely misses you.
There is a stone staircase leading up here.
Terence barely misses you.
You climb upwards.
There is a stone staircase leading down here.
Casting: Flame Tongue (safe; 5% risk of failure)
Confirm with . or Enter, or press ? or * to list all spells.
You don't have enough magic to cast that spell.
Casting: Flame Tongue (safe; 5% risk of failure)
Confirm with . or Enter, or press ? or * to list all spells.
Aiming: Flame Tongue (safe; 5% risk of failure)
Press: ? - help, Shift-Dir - straight line, f - Terence
Aim: Terence, wielding a +0 flail, wearing a +0 chain mail and carrying a wand of random effects (4) (almost dead)
The flame tongue hits Terence.
You kill Terence!
Your Fighting skill increases to level 1!
Your Conjurations skill increases to level 3!
You have reached level 4!
You feel stronger.
Items here: ) / [ † a +0 flail; a +0 chain mail; a wand of random effects (4) the human corpse of Terence
h - a +0 flail;
i - a +0 chain mail;
j - a wand of random effects (4)
There is a stone staircase leading down here. (m)acro, (M)acro raw, keymap [(k) default, (x) level-map, (t)argeting, (c)onfirm, m(e)nu], (s)ave?
Aborting.
Search for what [Enter for "sling", or ? for help]? armor You climb downwards.
There is a stone staircase leading up here.
You see here a leather armour.
k - a leather armour Wear which item? (? for menu, Esc to quit)
You start removing your armour.
You continue taking off your +0 robe. x4
You finish taking off your +0 robe.
You start putting on your armour.
You continue putting on your leather armour. x5
You finish putting on your +0 leather armour.
Wield which item (- for none, * to show all)? (? for menu, Esc to quit)
Okay, then.
Wear which item? (? for menu, Esc to quit)
You start removing your armour.
You continue taking off your +0 leather armour. x4
HP restored.
You finish taking off your +0 leather armour.
You start putting on your armour.
You continue putting on your +0 robe. x5
You finish putting on your +0 robe.
Magic restored.
You now have 182 gold pieces (gained 11).
l - a scroll labeled WAAPSA VACIOT A frilled lizard comes into view.
Casting: Flame Tongue (safe; 4% risk of failure)
Confirm with . or Enter, or press ? or * to list all spells.
You can't see any susceptible monsters within range! (Use Z to cast anyway.) Unknown command.
Casting: Flame Tongue (safe; 4% risk of failure)
Confirm with . or Enter, or press ? or * to list all spells.
Aiming: Flame Tongue (safe; 4% risk of failure)
Press: ? - help, Shift-Dir - straight line, f - frilled lizard
Aim: a frilled lizard (resting)
The flame tongue hits the frilled lizard.
You kill the frilled lizard!
Found a stone staircase leading up.
There is a stone staircase leading up here.
There is a stone staircase leading up here.
A kobold comes into view. It is wielding a +0 dagger.
Are you sure you want to abandon this character and quit the game? (Confirm with "yes".)

.# #.#
#.....#.##.#
.# ##
#.......##.#
##
#.#.....####.#
#
#............#
#
##.#...######
# #...# #
#...# #
#...###
###.###
#..@<.#
.......
.K.....##.#
###.###
...##.# #.# #
.. #. #.# # #.
#.# #. #.. ##.
###.### .
....... .#


You could see a kobold.

Vanquished Creatures
  Terence (D:1)
  2 worms
  2 dart slugs
  4 leopard geckos
  2 ball pythons
  6 bats
  3 giant cockroaches
  6 goblins
  7 hobgoblins
  2 frilled lizards (D:2)
  A kobold (D:2)
  6 rats
42 creatures vanquished.

Notes
Turn   | Place    | Note
-------+----------+-------------------------------------------
     0 | D:1      | MisterOstroum the Skeleton Fire Elementalist began the
                  | quest for the Orb.
     0 | D:1      | Reached XP level 1. HP: 10/10 MP: 4/4
   345 | D:1      | Reached XP level 2. HP: 15/15 MP: 1/6
   476 | D:1      | Found a shimmering altar of Xom.
   872 | D:1      | Reached skill level 4 in Spellcasting
  1032 | D:1      | Reached XP level 3. HP: 19/19 MP: 5/8
  1237 | D:2      | Learned a level 3 spell: Conjure Flame
  1241 | D:2      | Learned a level 3 spell: Inner Flame
  1772 | D:2      | Noticed Terence
  1833 | D:1      | Killed Terence
  1833 | D:1      | Reached skill level 1 in Fighting
  1833 | D:1      | Reached XP level 4. HP: 20/25 MP: 1/10
  1980 | D:2      | Quit the game

Skill      XL: |  1  2  3 |
---------------+----------+-----
Conjurations   | 2 3 |  3.2
Spellcasting   | 4 |  4.0
Fighting       | 1 |  1.1
Dodging        | |  2.0
Stealth        | |  2.4
Fire Magic     | |  3.5

Action                   |  1- 3 |  4- 6 || total
-------------------------+-------+-------++-------
Melee: Short sword       |     3 |       ||     3
       Unarmed           |     3 |       ||     3
       Hand axe          |    29 |       ||    29
Throw: Stone             |    49 |       ||    49
 Cast: Flame Tongue      |    75 |     2 ||    77
       Conjure Flame     |     1 |       ||     1
Armor: Robe              |    16 |       ||    16
Dodge: Dodged            |    39 |       ||    39
